 Dungeon Crawl Stone Soup version 0.31-a0-188-g5e087ee2ca (webtiles) character file.

Game seed: 3783235511673350683

171 qw the Skirmisher (level 5, -8/29 HPs)
             Began as a Deep Elf Hunter on June 23, 2023.
             Mangled by an iguana (11 damage)
             ... on level 3 of the Dungeon.
             The game lasted 00:00:34 (2041 turns).

qw the Skirmisher (Deep Elf Hunter)                 Turns: 2041, Time: 00:00:35

Health: -8/29      AC:  4    Str: 10    XL:     5   Next: 26%
Magic:  7/7        EV: 12    Int: 14    God:
Gold:   204        SH:  0    Dex: 18    Spells: 4/4 levels left

rFire   . . .        Y - +1 arbalest (flame)
rCold   . . .        (shield currently unavailable)
rNeg    . . .        c - +0 leather armour
rPois   +            a - +0 helmet
rElec   .            (no cloak)
rCorr   .            (no gloves)
SInv    .            (no boots)
Will    .....        (no amulet)
Stlth   ++           d - ring of poison resistance
HPRegen 0.24/turn    (no ring)
MPRegen 0.10/turn

%: no passive effects
@: no status effects
A: no striking features
a: no special abilities


You were on level 3 of the Dungeon.
You visited 1 branch of the dungeon, and saw 3 of its levels.

You collected 204 gold pieces.


   Skills:
 - Level 1.5 Fighting
 + Level 8.7 Ranged Weapons
 - Level 2.4 Dodging
 - Level 1.2 Stealth


You had 4 spell levels left.
You didn't know any spells.
Your spell library was empty.

Inventory:

Hand Weapons
 Y - a +1 arbalest of flaming (weapon)
Armour
 a - a +0 helmet (worn)
 c - a +0 leather armour (worn)
Jewellery
 d - a ring of poison resistance (left hand)
 h - a ring of fire
Scrolls
 f - a scroll of immolation {unknown}
 g - a scroll of poison {unknown}
Potions
 b - a potion of degeneration {unknown}
 e - a potion of haste {unknown}

Dungeon Overview and Level Annotations

Branches:
Dungeon (3/15)

Altars:
Elyvilon
Fedhas
Gozag

Annotations:
D:2 1 runed translucent door, Crazy Yiuf


Message History

You kill the kobold!
h - a ring of fire
Enter note:
Enter note:
Found a blossoming altar of Fedhas.
Enter note:
Enter note: A rat comes into view.
Found a white marble altar of Elyvilon.
Enter note:
Enter note:
Enter note:
Enter note: You shoot a bolt.
The bolt hits the rat!
The bolt burns the rat.
You kill the rat!
An iguana comes into view.
Enter note:
Enter note:
Enter note:
Enter note: You shoot a bolt.
The bolt hits the iguana but does no damage.
The iguana hisses angrily.
You shoot a bolt. The bolt barely misses the iguana.
The iguana hisses menacingly.
You shoot a bolt. The bolt hits the iguana.
The bolt burns the iguana.
The iguana is heavily wounded.
You shoot a bolt. The bolt closely misses the iguana.
You shoot a bolt. The bolt hits the iguana.
The bolt burns the iguana.
The iguana is almost dead.
The iguana barely misses you.
You shoot a bolt. The bolt barely misses the iguana.
The iguana bites you. The iguana bites you!
You shoot a bolt.
The bolt hits the iguana but does no damage.
The iguana is almost dead.
The iguana bites you!
You shoot a bolt. The bolt barely misses the iguana.
The iguana closely misses you. The iguana bites you!
You die...

#.#.........+
#.#..)......#
#.#.........#
#.#.####.####
##.#.### .#
##......##.#
#..........#
#.#._.......
#...@l......
#.....}.....
#...........
#......._...
###.......##
###...###
####


You could see an iguana.

Vanquished Creatures
  A centaur (D:3)
  3 gnolls (D:2)
  An adder (D:2)
  2 dart slugs
  2 worms
  5 ball pythons
  3 endoplasms
  3 giant cockroaches
  6 goblins
  2 hobgoblins
  3 jackals (D:2)
  A quokka (D:2)
  4 bats
  4 frilled lizards
  5 kobolds
  2 rats
47 creatures vanquished.

Notes
Turn   | Place    | Note
-------+----------+-------------------------------------------
     0 | D:1      | qw the Deep Elf Hunter began the quest for the Orb.
     0 | D:1      | Reached XP level 1. HP: 12/12 MP: 3/3
     0 | D:1      | 0 ||| qw: Version: 0.3-a-9-g12657ce
     0 | D:1      | 0 ||| qw: Game counter: 3291
     0 | D:1      | 0 ||| qw: Always use a shield: true
     0 | D:1      | 0 ||| qw: God list: Okawaru
     0 | D:1      | 0 ||| qw: Allow faded altars: false
     0 | D:1      | 0 ||| qw: Do Orc after D:15 true
     0 | D:1      | 0 ||| qw: Do second Lair branch before Depths: true
     0 | D:1      | 0 ||| qw: Lair rune preference: random
     0 | D:1      | 0 ||| qw: Plans: Normal
     0 | D:1      | 0 ||| PLANNING D:1-11
   223 | D:1      | Reached XP level 2. HP: 16/16 MP: 4/4
   228 | D:1      | Reached skill level 6 in Ranged Weapons
   587 | D:1      | 587 ||| READING scroll labelled MANOFR MORAS.
   587 | D:1      | Identified a scroll of acquirement
   587 | D:1      | 587 ||| ACQUIRING +1 arbalest of flaming
   587 | D:1      | Acquired a +1 arbalest of flaming
   589 | D:1      | 589 ||| SWAPPING to +1 arbalest of flaming.
   590 | D:1      | 590 ||| DROPPING +0 shortbow.
   591 | D:1      | 591 ||| READING scroll labelled XUTUSA SYTIX.
   692 | D:1      | 692 ||| READING 2 scrolls labelled OPUGAO NEGOY.
   695 | D:1      | 695 ||| READING scroll labelled SUEHOE LUPOSH.
   696 | D:1      | 696 ||| DROPPING scroll of butterflies.
   842 | D:2      | Reached XP level 3. HP: 16/20 MP: 5/5
   949 | D:2      | Found a runed translucent door.
   950 | D:2      | Noticed Crazy Yiuf
  1186 | D:2      | Reached skill level 7 in Ranged Weapons
  1192 | D:2      | Reached XP level 4. HP: 24/25 MP: 6/6
  1662 | D:2      | 1662 ||| UPGRADING to +0 helmet.
  1667 | D:2      | 1667 ||| UPGRADING to ring of poison resistance.
  1818 | D:3      | Noticed a centaur
  1820 | D:3      | HP: 5/25 [centaur/arrow (3)]
  1821 | D:3      | 1821 ||| READING scroll of teleportation.
  1949 | D:3      | Killed a centaur
  1950 | D:3      | Reached skill level 8 in Ranged Weapons
  1950 | D:3      | Reached XP level 5. HP: 29/29 MP: 7/7
  1961 | D:3      | Found an opulent altar of Gozag.
  2023 | D:3      | Found a blossoming altar of Fedhas.
  2027 | D:3      | Found a white marble altar of Elyvilon.
  2040 | D:3      | HP: 3/29 [iguana (8)]
  2041 | D:3      | Mangled by an iguana

Levels and vault maps discovered:
D:1:      dpeg_arrival_houses_and_road, layout_loops_ring,
          grunt_decor_arrowhead, nicolae_kite_square_tiling_tiny,
          minmay_liquid_box, dreamdust_wishing_well, minmay_misc_feat_plants,
          moated_statue
D:2:      layout_basic, serial_bayou_lagoon_b, uniq_crazy_yiuf_cottage
D:3:      layout_basic, grunt_temple_overflow_open, grunt_gozag_breadcrumbs

Skill      XL: |  1  2  3  4 |
---------------+-------------+-----
Ranged Weapons | 6 7 8 |  8.7
Fighting       | |  1.5
Dodging        | |  2.4
Stealth        | |  1.2

Action                     |  1- 3 |  4- 6 || total
---------------------------+-------+-------++-------
   Fire: Shortbow          |    21 |       ||    21
         Arbalest          |    36 |    45 ||    81
    Use: Scroll            |     4 |     1 ||     5
 Armour: Leather armour    |     3 |     6 ||     9
  Dodge: Dodged            |    22 |    12 ||    34

Table legend:
 A = Non-vault XP
 B = Vault XP
 C = Vault XP percentage of total XP
 D = Non-vault monster count
 E = Vault monster count
 F = Vault count percentage of total count
                 A         B        C        D         E       F
            +---------+---------+-------+---------+---------+-------
      Total |     245 |       0 |   0.0 |      47 |       0 |   0.0
            +---------+---------+-------+---------+---------+-------
        D:1 |      22 |       0 |   0.0 |      12 |       0 |   0.0
        D:2 |      87 |       0 |   0.0 |      21 |       0 |   0.0
        D:3 |     136 |       0 |   0.0 |      14 |       0 |   0.0
            +---------+---------+-------+---------+---------+-------
